 Dungeon Crawl Stone Soup version 0.24-a0-161-g3f7990a (webtiles) character file.

Game seed: 5042904786647800678

908 MatthieuS the Merchant of Misery (level 7, 0/57 HPs)
             Began as a Deep Dwarf Necromancer on Mar 5, 2019.
             Was a Believer of Kikubaaqudgha.
             Slain by an ogre
             ... wielding a cursed +0 giant club
              (20 damage)
             ... on level 5 of the Dungeon.
             The game lasted 00:19:43 (5112 turns).

MatthieuS the Merchant of Misery (DDNe)             Turns: 5112, Time: 00:19:44

Health: 0/57       AC:  2    Str: 12    XL:     7   Next: 81%
Magic:  9/14       EV: 12    Int: 17    God:    Kikubaaqudgha [**....]
Gold:   302        SH:  6    Dex: 13    Spells: 4/15 levels left

rFire    . . .     SeeInvis .   q - +1 hand axe (chop)
rCold    . . .     Gourm    .   n - +2 buckler
rNeg     . . .     Faith    .   u - +0 robe {MR+}
rPois    .         Spirit   .   (no helmet)
rElec    .         Reflect  .   (no cloak)
rCorr    .         Harm     .   (no gloves)
MR       ++...                  (no boots)
Stlth    +++.......             (no amulet)
HPRegen  0.00/turn              (no ring)
MPRegen  0.14/turn              (no ring)

@: non-regenerating
A: damage resistance, heal wounds, sense surroundings 1, no regeneration
a: Heal Wounds, Receive Corpses, Renounce Religion


You were on level 5 of the Dungeon.
You worshipped Kikubaaqudgha.
Kikubaaqudgha was pleased with you.
You were not hungry.

You visited 1 branch of the dungeon, and saw 5 of its levels.

You collected 302 gold pieces.

Inventory:

Hand Weapons
 d - a +1 short sword of flaming
   (You took it off a kobold on level 2 of the Dungeon)
 i - a +0 war axe of freezing
   (You found it on level 2 of the Dungeon)
 q - a +1 hand axe of chopping (weapon)
   (You took it off an orc on level 3 of the Dungeon)
 w - a +2 scythe of venom
   (You took it off Sigmund on level 4 of the Dungeon)
Missiles
 h - 2 throwing nets (quivered) {!f}
Armour
 n - a +2 buckler (worn)
   (You found it on level 2 of the Dungeon)
 p - a +0 helmet
   (You took it off Robin on level 4 of the Dungeon)
 s - a +0 leather armour of cold resistance
   (You found it on level 3 of the Dungeon)
 u - a +0 robe of magic resistance (worn)
   (You took it off a gnoll on level 4 of the Dungeon)
Wands
 t - a wand of flame (16)
   (You took it off Duvessa on level 4 of the Dungeon)
 v - a wand of digging (4)
   (You found it on level 2 of the Dungeon)
Scrolls
 g - 5 scrolls of teleportation {@r4}
 j - 4 scrolls of remove curse {@r2}
 m - 3 scrolls of identify {@r1}
 r - a scroll of blinking
Potions
 a - 2 potions of curing {@q1}
 b - 2 potions of magic {unknown}
 c - 3 potions of lignification {unknown}
 f - 2 potions of heal wounds {@q2}
 k - a potion of flight {unknown}
 l - a potion of agility {unknown}
Comestibles
 e - 13 rations
 o - 13 chunks of flesh


   Skills:
 + Level 1.4 Fighting
 - Level 2.1 Dodging
 + Level 5.4 Stealth
 + Level 2.3 Shields
 * Level 4.8 Spellcasting
 + Level 6.7 Necromancy
 + Level 2.2 Evocations


You had 4 spell levels left.
You knew the following spells:

 Your Spells              Type           Power        Failure   Level  Hunger
a - Pain                  Necr           ####         1%          1    None
b - Sublimation of Blood  Necr           ####......   1%          2    #......
c - Animate Dead          Necr           N/A          11%         4    ####...
q - Vampiric Draining     Necr           ####......   3%          3    ###....
z - Animate Skeleton      Necr           N/A          1%          1    None

Your spell library contained the following spells:

 Spells                   Type           Power        Failure   Level  Hunger
 Regeneration             Chrm/Necr      Unusable     N/A         3    N/A

Dungeon Overview and Level Annotations

Branches:
Dungeon (5/15)
 Temple: D:4-7

Altars:
Kikubaaqudgha
The Shining One

Shops:
D:4 =


Innate Abilities, Weirdness & Mutations

You are resistant to damage.
You can heal yourself by infusing magical energy.
You passively map a small area around you.
You do not regenerate.


Message History

Items here: )) [[[ †† You butcher the orc corpse.
o - 5 chunks of flesh (gained 3)
Items here: )) [[[ ÷ † You butcher the orc corpse.
o - 9 chunks of flesh (gained 4)
Items here: )) [[[ ÷÷
There is a stone staircase leading up, spattered with blood here.
There isn't anything here!
Things that are here:
a +0 club; an orc corpse You butcher the orc corpse.
o - 12 chunks of flesh (gained 3)
Things that are here:
a +0 club; an orc skeleton There isn't anything to butcher here.
Things that are here:
a +0 dagger; a +0 robe; an orc corpse You butcher the orc corpse.
o - 15 chunks of flesh (gained 3)
Things that are here:
a +0 dagger; a +0 robe; an orc skeleton You start resting.
Eating one of 15 chunks of flesh.
You eat one of the 15 chunks of flesh.
Things that are here:
a +0 club; an orc skeleton
Found 2 fizzy clear potions and a scroll of teleportation.
Some of the chunks of flesh in your inventory have rotted away.
c - 3 fizzy clear potions (gained 2)
g - 5 scrolls of teleportation {@r4} (gained 1)
Found 17 stones.
You open the door.
An ogre comes into view. It is wielding a +0 giant club.
Found a scroll of identify.
You can't see any susceptible monsters within range! (Use Z to cast anyway.)
Found 5 tomahawks.
Aim: an ogre, wielding a +0 giant club (resting, chance to defeat MR: 84%)
The ogre shouts!
The ogre writhes in agony.
Aim: an ogre, wielding a +0 giant club (lightly wounded, chance to defeat MR: 84%)
The ogre writhes in agony.
Aim: an ogre, wielding a +0 giant club (lightly wounded, chance to defeat MR: 84%)
The ogre writhes in agony!
Aim: an ogre, wielding a +0 giant club (heavily wounded, chance to defeat MR: 84%)
The ogre writhes in agony.
Aim: an ogre, wielding a +0 giant club (heavily wounded, chance to defeat MR: 84%)
The ogre writhes in agony.
The ogre hits you with a cursed +0 giant club!!
You die...
Kikubaaqudgha rasps: "You have failed me!
Welcome... death!"

, * * #....#.# ####.#.#
* ##########.#.#
#######..........#.#
,####.......##########.#
, #..........# #.#
#..........# #.# *
(#..........# #.#
.......@....####### #.#
#####.(O..........# #.#
###'#.#.#####.# #.#
#.#.#.......# #.#
#.#.#######)####.# #.#.#
#.)<#..... #?#.#
#.#)#.##.# #.#.#
#.#.#.##.. #.#.#
#.###.####


You could see an ogre.

Vanquished Creatures
  Sigmund (D:4)
  Duvessa (D:4)
  Blork the orc (D:4)
  A bullfrog (D:3)
  Dowan (D:4)
  An orc priest (D:5)
  A centaur skeleton (D:4)
  A hound (D:3)
  2 orc wizards (D:5)
  Natasha (thrice) (D:2)
  A worker ant (D:4)
  Robin (D:4)
  3 gnolls (D:4)
  8 adders
  An adder skeleton (D:4)
  2 worms (D:2)
  6 dart slugs
  2 leopard geckos
  8 orcs
  2 ball pythons
  9 bats
  8 giant cockroaches
  12 goblins
  8 hobgoblins
  10 jackals
  7 kobolds
  7 frilled lizards
  8 rats
116 creatures vanquished.

Vanquished Creatures (collateral kills)
  A worm (D:2)
  2 orcs (D:3)
  A ball python (D:3)
  A hobgoblin (D:1)
  A kobold (D:3)
6 creatures vanquished.

Grand Total: 122 creatures vanquished

Notes
Turn   | Place    | Note
-------+----------+-------------------------------------------
     0 | D:1      | MatthieuS the Deep Dwarf Necromancer began the quest for
                  | the Orb.
     0 | D:1      | Reached XP level 1. HP: 15/15 MP: 3/3
   276 | D:1      | Reached XP level 2. HP: 22/22 MP: 0/5
   568 | D:1      | Learned a level 1 spell: Animate Skeleton
   681 | D:1      | Reached XP level 3. HP: 15/28 MP: 2/6
   952 | D:1      | Learned a level 3 spell: Vampiric Draining
  1294 | D:2      | Found an ancient bone altar of Kikubaaqudgha.
  1300 | D:2      | Became a worshipper of Kikubaaqudgha
  1416 | D:2      | Reached XP level 4. HP: 33/36 MP: 2/8
  1600 | D:2      | Noticed Natasha
  1604 | D:2      | Killed Natasha
  1604 | D:2      | Reached skill level 5 in Necromancy
  1948 | D:2      | Noticed Natasha
  1952 | D:2      | Killed Natasha
  1952 | D:2      | Reached XP level 5. HP: 34/42 MP: 1/9
  2069 | D:2      | Found a glowing golden altar of the Shining One.
  2086 | D:2      | Noticed Natasha
  2091 | D:2      | Killed Natasha
  2557 | D:3      | Reached * piety under Kikubaaqudgha
  2557 | D:3      | Identified Kikubaaqudgha's Disquisition on Necromancy
                  | (Kikubaaqudgha gifted it to you on level 3 of the Dungeon)
  2557 | D:3      | Received a gift from Kikubaaqudgha
  2745 | D:3      | Learned a level 2 spell: Sublimation of Blood
  2750 | D:3      | Learned a level 4 spell: Animate Dead
  2810 | D:3      | Reached XP level 6. HP: 27/49 MP: 2/11
  3731 | D:4      | Found Yguisek's Jewellery Shop.
  3731 | D:4      | Noticed Robin
  3815 | D:4      | Killed Robin
  3815 | D:4      | Reached skill level 6 in Necromancy
  3997 | D:4      | Noticed Duvessa
  3997 | D:4      | Noticed Dowan
  4018 | D:4      | Killed Duvessa
  4018 | D:4      | Reached skill level 1 in Shields
  4043 | D:4      | Killed Dowan
  4043 | D:4      | Reached XP level 7. HP: 28/55 MP: 1/13
  4263 | D:4      | Noticed Blork the orc
  4274 | D:4      | Killed Blork the orc
  4274 | D:4      | Reached skill level 5 in Stealth
  4274 | D:4      | Reached skill level 1 in Evocations
  4408 | D:4      | Reached ** piety under Kikubaaqudgha
  4686 | D:4      | Noticed Sigmund
  4735 | D:4      | Killed Sigmund
  4735 | D:4      | Reached skill level 1 in Fighting
  4940 | D:5      | Entered Level 5 of the Dungeon
  5112 | D:5      | Slain by an ogre

Levels and vault maps discovered:
D:1:      dpeg_arrival_chambers_temple_mockup, layout_basic
D:2:      layout_basic, lemuel_doored_altar, kiku_gazebo_garden_becter,
          first_ration, uniq_natasha
D:3:      minmay_general_purpose_star, layout_basic, minmay_starry_boxes
D:4:      layout_loops_ring, serial_shops, shop_fountains,
          kennysheep_small_square, uniq_robin, uniq_duvessa, uniq_sigmund,
          uniq_blork_the_orc
D:5:      layout_basic, chequers_temple_overflow_minitemple,
          minmay_temple_entry_stoned_glass, serial_shops,
          nicolae_shop_temple_entry_statues_fountains, uniq_pikel

Skill      XL: |  1  2  3  4  5  6  7 |
---------------+----------------------+-----
Spellcasting   | 2 3 4 |  4.8
Stealth        | 3 4 5 |  5.4
Necromancy     | 5 6 |  6.7
Shields        | 1 2 |  2.3
Evocations     | 2 |  2.2
Fighting       | 1 |  1.4
Dodging        | |  2.1

Action                   |  1- 3 |  4- 6 |  7- 9 || total
-------------------------+-------+-------+-------++-------
Melee: Dagger            |    62 |       |       ||    62
       Short sword       |     3 |    16 |       ||    19
       Hand axe          |       |    75 |    27 ||   102
       War axe           |       |    11 |       ||    11
 Cast: Pain              |    59 |    14 |    23 ||    96
       Animate Skeleton  |     5 |    19 |     4 ||    28
       Vampiric Draining |     8 |    42 |    19 ||    69
       Sublimation of Bl |       |     1 |       ||     1
 Abil: Heal Wounds       |     2 |     1 |     1 ||     4
  Use: Scroll            |     2 |     7 |     1 ||    10
       Potion            |       |     1 |     1 ||     2
 Stab: Sleeping          |       |     3 |     2 ||     5
  Eat: Chunk             |     3 |     9 |     5 ||    17
       Ration            |       |     1 |       ||     1
Armor: Robe              |    13 |    24 |     4 ||    41
       Leather armour    |       |     9 |     3 ||    12
Dodge: Dodged            |    67 |    96 |    19 ||   182
Block: Buckler           |       |    41 |    15 ||    56

Table legend:
 A = Non-vault XP
 B = Vault XP
 C = Vault XP percentage of total XP
 D = Non-vault monster count
 E = Vault monster count
 F = Vault count percentage of total count
                 A         B        C        D         E       F
            +---------+---------+-------+---------+---------+-------
      Total |     642 |     656 |  50.5 |      90 |      32 |  26.2
            +---------+---------+-------+---------+---------+-------
        D:1 |      51 |       0 |   0.0 |      26 |       0 |   0.0
        D:2 |     148 |      37 |  20.0 |      27 |       1 |   3.6
        D:3 |     138 |      77 |  35.8 |      15 |      16 |  51.6
        D:4 |     182 |     542 |  74.9 |      17 |      15 |  46.9
        D:5 |     123 |       0 |   0.0 |       5 |       0 |   0.0
            +---------+---------+-------+---------+---------+-------
